 Dungeon Crawl Stone Soup version 0.19-a0-503-g45a6586 (webtiles) character file.

583398 Geppetto the Conqueror (level 26, -6/239 HPs)
             Began as a Minotaur Hunter on June 3, 2016.
             Was the Champion of the Shining One.
             Mangled by a daeva
             ... wielding a +4 long sword of holy wrath
              (18 damage)
             ... on level 4 of the Abyss on June 5, 2016.
             The game lasted 07:24:31 (72712 turns).

Geppetto the Conqueror (Minotaur Hunter)           Turns: 72712, Time: 07:24:36

Health: -6/239     AC: 41    Str: 22    XL:     26   Next: 0%
Magic:  29/32      EV: 16    Int: 12    God:    the Shining One [******]
Gold:   5858       SH:  0    Dex: 16    Spells: 0 memorised, 25 levels left

rFire  + + .     SeeInvis .     b - +9 eveningstar (holy)
rCold  + . .     Gourm    .     v - +1 gold dragon armour
rNeg   + + +     Faith    .     c - +2 shield
rPois  +         Spirit   .     A - +2 hat
rElec  +         Dismiss  .     t - +1 cloak {rPois}
rCorr  .         Reflect  +     B - +1 pair of gloves {archery}
SustAt .         Harm     .     O - +0 pair of boots
MR     ++...     Rnd*Tele +     C - +3 amulet of reflection
Stlth  ..........               s - ring of protection from magic
                                Q - ring "Vaetifea" {rPois rN+ Str+2 Int+4}

@: confused, divine shield, glowing, very resistant to hostile enchantments,
extremely unstealthy
A: retaliatory headbutt, claws 1, horns 2, slimy green scales 1, blurry vision
3, clumsy 1, fire resistance 1, frail 1, screaming 1, shaggy fur 1, electricity
resistance, teleportitis 1, weak 1, sturdy frame 1
a: Divine Shield, Cleansing Flame, Summon Divine Warrior, Renounce Religion
}: 3/15 runes: barnacled, silver, gossamer


You were on level 4 of the Abyss.
You worshipped the Shining One.
The Shining One was exalted by your worship.
You were hungry.

You visited 9 branches of the dungeon, and saw 47 of its levels.
You visited the Abyss 2 times.
You also visited: Sewer, Bailey, Ice Cave and Volcano.

You collected 7431 gold pieces.
You spent 1573 gold pieces at shops.

Inventory:

Hand Weapons
 b - a +9 eveningstar of holy wrath (weapon)
 L - a +6 hand crossbow of freezing
Missiles
 d - 1840 bolts
 j - 9 throwing nets (quivered)
Armour
 c - a +2 shield (worn)
 t - a +1 cloak of poison resistance (worn)
 v - a +1 gold dragon armour (worn)
 A - a +2 hat (worn)
 B - a +1 pair of gloves of archery (worn)
 D - a +1 plate armour of magic resistance
 O - a +0 pair of boots (worn)
Jewellery
 a - an uncursed ring of sustain attributes
 s - a ring of protection from magic (right hand)
 C - a +3 amulet of reflection (around neck)
 G - an uncursed ring of protection from fire
 H - an uncursed ring of protection from cold
 Q - the ring "Vaetifea" (left hand) {rPois rN+ Str+2 Int+4}
   (You bought it in a shop on level 8 of the Dungeon)

   [ring of strength]

   It affects your strength (+2).
   It affects your intelligence (+4).
   It protects you from poison.
   It protects you from negative energy.
 T - a ring of the Octopus King {rC+ AC+1 EV+1 Str+1 Int+1 Dex+1}
   (You bought it in a shop on level 8 of the Dungeon)

   [ring of protection from cold]

   It affects your AC (+1).
   It affects your evasion (+1).
   It affects your strength (+1).
   It affects your intelligence (+1).
   It affects your dexterity (+1).
   It protects you from cold.
Wands
 r - a wand of digging (6/24)
 w - a wand of teleportation (4/9)
 I - a wand of hasting (3/9)
Scrolls
 e - 22 scrolls of remove curse
 g - a scroll of magic mapping
 h - 11 scrolls of teleportation
 m - a scroll of enchant armour
 u - 2 scrolls of summoning
 y - 7 scrolls of recharging
 J - 4 scrolls of fear
 M - a scroll of enchant weapon
 N - a scroll of silence
 P - 17 scrolls of identify
 S - 7 scrolls of blinking
 W - 3 scrolls of brand weapon
 Y - 3 scrolls of fog
Potions
 k - 4 potions of agility
 l - 2 potions of invisibility
 o - 6 potions of curing
 p - 9 potions of flight
 q - 5 potions of berserk rage
 x - 10 potions of might
 z - 5 potions of brilliance
 E - 8 potions of ambrosia
 F - a potion of haste
 U - a potion of cancellation
 Z - 3 potions of resistance
Miscellaneous
 X - a sack of spiders {used: 1}
Comestibles
 f - 16 bread rations
 n - 12 beef jerkies
 K - 2 royal jellies
 R - 27 fruits
 V - 13 meat rations


   Skills:
 O Level 27 Fighting
 - Level 16.0 Maces & Flails
 - Level 18.2 Crossbows
 O Level 27 Armour
 - Level 17.9 Dodging
 - Level 0.7 Stealth
 - Level 19.6 Shields
 * Level 13.4 Invocations


You had 25 spell levels left.
You didn't know any spells.

Dungeon Overview and Level Annotations

Branches:
Dungeon (15/15)            Temple (1/1) D:5            Lair (8/8) D:9
 Shoals (4/4) Lair:3       Spider (4/4) Lair:4        Slime (0/6) Lair:7
    Orc (2/2) D:11            Elf (0/3) Orc:2        Vaults (5/5) D:14
  Crypt (3/3) Vaults:2     Depths (5/5) D:15            Zot (0/5) Depths:5
   Tomb: Crypt:3

Altars:
Ashenzari
Dithmenos
Elyvilon
Gozag
Hepliaklqana
Kikubaaqudgha
Okawaru
Pakellas
Ru
Sif Muna
Trog
Uskayaw
Vehumet
Xom
Yredelemnul
Zin
The Shining One
Beogh
Jiyva

Shops:
D:8 =   D:13 *   D:14 *   Orc:2 (!*!   Vaults:4 (

Portals:
Hell: Depths:1 Depths:2 Depths:3 Depths:4 Depths:5
Abyss: Depths:2 Depths:4
Pandemonium: Depths:2 Depths:3
Ziggurat: Depths:2


Innate Abilities, Weirdness & Mutations

You reflexively headbutt those who attack you in melee.
You have a pair of horns on your head.
You have sharp fingernails.
You are partially covered in slimy green scales. (AC +2)
Scrolls take you much longer to read.
You are clumsy. (Dex -2)
Your flesh is heat resistant. (rF+)
You are frail. (-10% HP)
You are covered in fur. (AC +1)
You are resistant to electric shocks. (rElec)
Your movements are slightly less encumbered by armour. (ER -2)
[You occasionally shout uncontrollably at your foes.]
[You are occasionally teleported next to monsters.]
[You are weak. (Str -2)]


Message History

The daeva calls down the wrath of the Shining One upon you.
The Shining One smites you!
* * * LOW HITPOINT WARNING * * *
Your angel closely misses the daeva.
The daeva blocks your angel's attack. You block the raiju's attack.
You bludgeon the daeva!! The daeva blocks your attack.
The daeva is almost dead.
Your angel closely misses the daeva.
Your angel hits the daeva with a whip of holy wrath!
The daeva calls down the wrath of the Shining One upon you.
The Shining One smites you!
* * * LOW HITPOINT WARNING * * *
You are confused.
You feel invigorated.
The giant orange brain pulsates.
Send 'em back where they came from!
Your angel dissolves into sparkling lights!
The raiju barely misses you.
The daeva hits you with a long sword of holy wrath!!
You die...

#. .... .. . .. .
.. #../...# . ...
##. #......# .
..... . #......# .
.... #
#......#####.. ..
## #
#................)
#................
.. #.....hG......
...)...
#....h@A...X.... )#
###
####...........)..#
##..........h..#
###########.. ... .
. .. .h.ยง... #.. (
.. . . . . . ... .


You could see a daeva, a giant orange brain, a large abomination and 2 raiju.

Vanquished Creatures
  Mennas (Depths:4)
  2 ancient liches (Vaults:5)
  Sojobo (Crypt:3)
  Norris (Spider:3)
  Boris (Depths:3)
  Frederick (Vaults:2)
  Margery (Depths:3)
  3 golden dragons
  Jory (Depths:3)
  A bone dragon (Abyss:4)
  Xtahua (Vaults:3)
  Arachne (Spider:3)
  5 liches
  Jorgrun (Depths:2)
  A hellephant (Abyss:4)
  Rupert (Lair:5)
  The ghost of shklvsk the Imperceptible, a veteran VSAs of Dithmenos (Depths:2)
  A tentacled monstrosity (Vaults:5)
  A quicksilver dragon (Vaults:5)
  A titan (Vaults:5)
  The ghost of tstbtto the Executioner, an adept DDGl of Ru (Spider:4)
  3 krakens
  3 ancient champions (Crypt:2)
  3 sphinxes
  The ghost of tstbtto the Severer, an adept DDGl of Ru (Spider:3)
  An Executioner (Abyss:4)
  10 tentacled starspawn
  3 storm dragons
  Ilsuiw (Shoals:4)
  3 revenants
  Roxanne (Spider:3)
  A draconian monk (Abyss:4)
  5 shadow dragons (Vaults:5)
  Gastronok (D:10)
  11 tengu reavers
  6 fire giants
  5 ghost moths
  2 daevas (Abyss:4)
  An iron dragon (Vaults:5)
  Wiglaf (Spider:4)
  6 deep elf sorcerers
  Donald (Spider:1)
  15 frost giants
  A draconian knight (Abyss:4)
  Aizul (Depths:3)
  A balrug (Abyss:3)
  An orc warlord (Orc:2)
  7 emperor scorpions
  Louise (Spider:4)
  16 vault wardens
  A deep elf elementalist (Vaults:5)
  A draconian zealot (Depths:5)
  A ghoul (Crypt:3)
  19 ironheart preservers
  A draconian shifter (Depths:5)
  A cacodemon (Abyss:3)
  5 spriggan defenders
  13 very ugly things
  16 stone giants
  A war gargoyle (Vaults:5)
  A reaper (Crypt:2)
  3 deep elf demonologists
  3 vampire knights
  An ophan (Abyss:4)
  5 deep elf annihilators
  Nessos (Lair:8)
  3 black draconians
  A purple draconian (Depths:5)
  A yellow draconian (Depths:5)
  A mottled draconian (Depths:5)
  10 spark wasps
  A red draconian (Depths:5)
  2 blizzard demons (Abyss:4)
  18 ettins
  A quicksilver dragon zombie (Crypt:2)
  12 eidola
  12 merfolk impalers
  4 green deaths (Abyss:4)
  7 deep elf death magi
  3 merfolk javelineers
  8 jiangshi
  Snorg (Lair:5)
  35 vault guards
  8 fire dragons
  Josephine (Lair:5)
  7 entropy weavers
  15 great orbs of eyes
  12 yaktaur captains
  A mummy priest (Crypt:3)
  6 spriggan air magi
  10 ice dragons
  Fannar (D:12)
  10 hydras
  5 rakshasas
  7 merfolk aquamancers
  A ghost crab (Abyss:4)
  An anaconda (shapeshifter) (Depths:5)
  8 centaur warriors
  2 dancing weapons
  22 death yaks
  4 merfolk avatars
  2 satyrs (Shoals:4)
  16 ogre magi
  5 catoblepae
  An alligator snapping turtle (Shoals:4)
  6 deep troll shamans
  7 tengu warriors
  3 titan zombies
  3 death knights
  3 hell hogs (Abyss:4)
  5 vampire magi
  8 deep troll earth magi
  3 spriggan berserkers
  18 thrashing horrors (Abyss:4)
  5 hell knights (Depths:3)
  A deep elf knight (Vaults:4)
  Sonja (D:12)
  A titan skeleton (Abyss:4)
  A fire crab (Vaults:2)
  An orc high priest (Orc:2)
  6 iron trolls
  A soul eater (Crypt:2)
  12 wretched stars (Abyss:4)
  3 shadow wraiths
  26 skeletal warriors
  37 deep trolls
  A salamander mystic (Depths:5)
  14 sea snakes
  A death drake (shapeshifter) (Vaults:5)
  3 giant orange brains
  An anaconda zombie (Crypt:3)
  3 spatial maelstroms
  An unseen horror (D:13)
  7 flayed ghosts
  2 golden dragon zombies (Crypt:3)
  3 spriggan druids (Depths:4)
  9 wizards
  2 lindwurms (shapeshifter)
  A golden dragon skeleton (Crypt:1)
  2 deep elf archers
  2 anaconda skeletons (Crypt:2)
  10 ironbrand convokers
  10 phantasmal warriors
  24 orb spiders
  15 orc knights
  An iron dragon zombie (Abyss:4)
  2 harpies (shapeshifter)
  7 necromancers
  14 hill giants
  6 orc sorcerers
  A shadow dragon skeleton (Crypt:1)
  2 frost giant zombies
  31 wolf spiders
  A wolf spider zombie (Crypt:3)
  19 harpies
  8 fauns
  A tengu skeleton (Depths:2)
  2 fire giant zombies (Crypt:3)
  10 hornets
  A shining eye (Abyss:4)
  6 worldbinders
  4 salamanders (Depths:5)
  3 moths of wrath
  15 deep elf magi
  9 manticores
  9 cyclopes
  16 griffons
  A salamander (shapeshifter) (Vaults:3)
  2 sixfirhies
  2 shock serpent zombies
  6 sirens
  59 ugly things
  4 black mambas
  An octopode (shapeshifter) (Vaults:4)
  6 elephants (Lair:5)
  2 ice statues (IceCv)
  2 iron dragon skeletons
  A dire elephant zombie (Crypt:1)
  13 vault sentinels
  2 gargoyles
  2 stone giant skeletons
  A guardian serpent (shapeshifter) (Vaults:5)
  5 apocalypse crabs
  7 water nymphs
  Psyche (D:10)
  A naga mage (D:15)
  A frost giant skeleton (Abyss:4)
  A titan simulacrum (Abyss:4)
  An eye of devastation (shapeshifter) (Depths:5)
  A shock serpent skeleton (Crypt:2)
  3 orange demons
  10 smoke demons
  4 torpor snails
  4 rime drakes
  An eye of devastation (Abyss:4)
  10 spiny frogs
  A grey draconian zombie (Crypt:2)
  3 kobold demonologists
  16 freezing wraiths
  43 yaktaurs
  7 efreet
  4 komodo dragons
  15 demonic crawlers
  2 hellwings (Abyss:4)
  A tormentor (Abyss:4)
  8 ancient zymes (Abyss:4)
  An ice devil (Abyss:4)
  5 tengu conjurers
  A queen bee (shapeshifter) (Depths:5)
  6 polar bears
  2 hydra zombies (Crypt:3)
  18 trolls
  A harpy zombie (Crypt:2)
  A shadow dragon simulacrum (Crypt:1)
  A mottled draconian skeleton (Crypt:1)
  A merfolk (shapeshifter) (Vaults:3)
  A troll (shapeshifter) (Vaults:1)
  32 merfolk
  A queen ant zombie (Crypt:2)
  32 two-headed ogres
  4 wind drakes
  A wind drake (shapeshifter) (Vaults:2)
  6 boulder beetles
  2 two-headed ogres (shapeshifter)
  2 ettin zombies (Crypt:3)
  31 jumping spiders
  18 blink frogs
  27 raiju
  13 snapping turtles
  A fire giant simulacrum (Vaults:3)
  47 slime creatures
  An ice dragon zombie (Crypt:2)
  A fire dragon zombie (Crypt:3)
  A stone giant simulacrum (Vaults:3)
  A black mamba zombie (Crypt:3)
  An ettin skeleton (Crypt:2)
  15 spriggans
  19 wraiths
  5 ynoxinuls
  A fire dragon skeleton (Crypt:2)
  42 yaks
  30 tarantellas
  A flying skull (Abyss:3)
  5 air elementals (Depths:4)
  2 shadows
  2 centaur simulacra (D:12)
  2 vampires
  80 redbacks
  3 wyverns
  6 golden eyes (Abyss:4)
  A fire elemental (Volcano)
  A hog (shapeshifter) (Vaults:4)
  19 water elementals
  A hippogriff (shapeshifter) (Vaults:4)
  14 hippogriffs
  5 basilisks
  7 neqoxecs
  3 hungry ghosts
  2 steam dragons
  20 vampire mosquitoes
  2 chaos spawn (Abyss:4)
  A spatial vortex (Abyss:3)
  28 large abominations
  2 insubstantial wisps (Abyss:4)
  10 wargs
  4 mottled dragons
  A harpy simulacrum (Abyss:4)
  A swamp worm (shapeshifter) (Vaults:5)
  8 water moccasins
  A hell hound (Abyss:4)
  11 porcupines
  25 small abominations
  A merfolk skeleton (Crypt:1)
  Purgy (Sewer)
  42 orc warriors
  A porcupine (shapeshifter) (Vaults:3)
  5 sky beasts
  A black bear (Abyss:4)
  14 ice beasts
  9 necrophages
  3 phantoms
  2 black bears (shapeshifter)
  18 wasps
  An ettin simulacrum (Abyss:4)
  A swamp dragon zombie (Crypt:3)
  25 wolves
  2 fire dragon simulacra
  An ogre (shapeshifter) (Vaults:5)
  62 ogres
  5 boggarts
  2 eyes of draining (Abyss:4)
  21 centaurs
  A hog skeleton (Crypt:1)
  17 crocodiles
  11 big kobolds
  19 giant frogs
  Blork the orc (D:4)
  3 gnoll sergeants
  A tengu simulacrum (Depths:2)
  A wyvern zombie (D:13)
  2 earth elementals (Volcano)
  A glowing shapeshifter simulacrum (Vaults:2)
  A scorpion (shapeshifter) (Depths:2)
  6 scorpions
  12 wyvern skeletons
  A manticore simulacrum (Crypt:1)
  22 killer bees
  14 wights
  4 howler monkeys
  2 electric eels
  6 centaur zombies
  13 crimson imps
  3 jellies
  2 quasits
  A wyvern simulacrum (D:12)
  49 starcursed masses
  15 orc wizards
  28 orc priests
  A gnoll shaman (D:8)
  9 hounds
  10 centaur skeletons
  2 iron imps
  Jessica (D:2)
  4 giant frog skeletons
  6 iguanas
  Terence (D:2)
  A black bear skeleton (Crypt:2)
  12 worker ants
  29 sheep
  An ogre zombie (Crypt:2)
  A demigod skeleton (Crypt:2)
  A giant frog simulacrum (D:12)
  2 mummies (Crypt:3)
  2 hound skeletons
  3 worker ant zombies
  A howler monkey zombie (Crypt:2)
  10 gnolls
  2 howler monkey skeletons
  81 river rats
  15 adders
  4 shadow imps
  14 white imps
  2 ufetubi
  2 oozes (D:5)
  A worm zombie (Crypt:1)
  A sheep skeleton (Crypt:2)
  4 adder skeletons
  2 worms
  9 giant geckos
  115 orcs
  9 giant cockroaches
  8 goblins
  9 hobgoblins
  3 jackals (D:2)
  4 quokkas
  2 ball pythons (D:1)
  19 bats
  10 giant newts
  A jackal skeleton (D:8)
  40 kobolds
  A kobold zombie (Crypt:3)
  4 rats
  2 fungi
  A lurking horror (Abyss:4)
  2 plants
  5 starspawn tentacles (Abyss:4)
  11 tentacles
  A tentacle segment (Abyss:3)
  5 withered plants (Crypt:3)
2741 creatures vanquished.

Vanquished Creatures (collateral kills)
  Saint Roka (Depths:2)
  A very ugly thing (Abyss:4)
  A warg (Depths:2)
  2 orc warriors (Depths:2)
  An ogre (Depths:2)
  2 orcs (Depths:2)
8 creatures vanquished.

Vanquished Creatures (others)
  A golden dragon (Vaults:5)
  A war gargoyle (Vaults:5)
  5 stone giants
  6 yaktaur captains
  A merfolk javelineer (Shoals:4)
  2 centaur warriors
  A merfolk aquamancer (Shoals:4)
  A satyr (Shoals:4)
  A deep troll earth mage (Depths:2)
  A deep elf archer (Vaults:2)
  A necromancer (Vaults:4)
  An orc knight (Vaults:3)
  2 fauns (Shoals:4)
  2 cyclopes (Vaults:2)
  A vault sentinel (Vaults:5)
  11 yaktaurs
  A guardian mummy (Crypt:3)
  A neqoxec (Abyss:4)
  3 wasps
  A boggart (Vaults:2)
  A centaur (Vaults:2)
  A wyvern skeleton (Crypt:3)
  An orc (Orc:2)
  28 fungi
  3 lost souls
  A lurking horror (Abyss:4)
  62 plants
  25 starspawn tentacles
  301 starspawn tentacle segments
  24 tentacles
  1522 tentacle segments
  9 withered plants (Crypt:3)
2022 creatures vanquished.

Grand Total: 4771 creatures vanquished

Notes
Turn   | Place    | Note
--------------------------------------------------------------
     0 | D:1      | Geppetto the Minotaur Hunter began the quest for the Orb.
     0 | D:1      | Reached XP level 1. HP: 18/18 MP: 0/0
   284 | D:1      | Reached XP level 2. HP: 24/26 MP: 1/1
   724 | D:2      | Reached skill level 5 in Crossbows
   724 | D:2      | Reached XP level 3. HP: 31/31 MP: 2/2
   856 | D:2      | Noticed Jessica
   862 | D:2      | Killed Jessica
   862 | D:2      | Reached XP level 4. HP: 25/40 MP: 3/3
  1284 | D:2      | Noticed Terence
  1288 | D:2      | Killed Terence
  1288 | D:2      | Reached skill level 1 in Maces & Flails
  1799 | D:3      | Reached XP level 5. HP: 35/46 MP: 4/4
  1890 | D:3      | Reached skill level 1 in Armour
  2832 | D:4      | Reached XP level 6. HP: 52/52 MP: 5/5
  3010 | D:4      | Reached skill level 5 in Maces & Flails
  3171 | D:4      | Reached XP level 7. HP: 47/59 MP: 6/6
  3360 | D:4      | Noticed Blork the orc
  3365 | D:4      | Killed Blork the orc
  3586 | D:5      | Entered Level 5 of the Dungeon
  3826 | D:5      | Found a glowing drain.
  3830 | Sewer    | Entered a sewer
  3925 | Sewer    | Noticed Purgy
  3945 | Sewer    | Killed Purgy
  3945 | Sewer    | Reached skill level 5 in Armour
  4251 | D:5      | Reached XP level 8. HP: 66/66 MP: 7/7
  4416 | D:5      | Reached skill level 5 in Fighting
  4657 | D:5      | Found a white marble altar of Elyvilon.
  4668 | D:5      | Found a staircase to the Ecumenical Temple.
  4809 | Temple   | Entered the Ecumenical Temple
  4822 | Temple   | Became a worshipper of Trog the Wrathful
  5883 | D:6      | Reached skill level 10 in Maces & Flails
  5894 | D:6      | Identified a scroll of acquirement
  5962 | D:6      | Reached XP level 9. HP: 69/78 MP: 8/8
  6119 | D:6      | Reached * piety under Trog
  6690 | D:7      | Found an opulent altar of Gozag.
  6745 | D:7      | Found an iron altar of Okawaru.
  6751 | D:7      | Found a hazy altar of Hepliaklqana.
  6752 | D:7      | Found a glowing golden altar of the Shining One.
  6752 | D:7      | Found a sacrificial altar of Ru.
  6752 | D:7      | Found a radiant altar of Vehumet.
  6753 | D:7      | Found a shadowy altar of Dithmenos.
  6753 | D:7      | Found an ancient bone altar of Kikubaaqudgha.
  6754 | D:7      | Found a glowing silver altar of Zin.
  6755 | D:7      | Found a deep blue altar of Sif Muna.
  6756 | D:7      | Found a hide-covered altar of Uskayaw.
  6757 | D:7      | Found an oddly glowing altar of Pakellas.
  7150 | D:7      | Reached ** piety under Trog
  7934 | D:8      | Found Zaremaeg's Jewellery Boutique.
  7943 | D:8      | Bought the ring "Vaetifea" {rPois rN+ Str+2 Int+4} for 313 gold pieces
  8591 | D:9      | Reached XP level 10. HP: 88/90 MP: 9/9
  8704 | D:9      | Reached *** piety under Trog
  8796 | D:9      | Received a gift from Trog
  8796 | D:9      | Reached skill level 10 in Crossbows
  8909 | D:9      | Found a staircase to the Lair.
  9107 | Lair:1   | Entered Level 1 of the Lair of Beasts
  9522 | Lair:1   | Reached skill level 10 in Fighting
  9929 | Lair:1   | Noticed a seven-headed hydra
  9940 | Lair:1   | Killed a seven-headed hydra
  9940 | Lair:1   | Reached skill level 5 in Dodging
 10187 | Lair:2   | Gained mutation: You regenerate slowly when monsters are visible. [potion of mutation]
 10187 | Lair:2   | Gained mutation: You have sharp toenails. [potion of mutation]
 10187 | Lair:2   | Gained mutation: Your mind is acute. (Int +2) [potion of mutation]
 10188 | Lair:2   | Gained mutation: You tend to lose your temper in combat. [potion of mutation]
 10188 | Lair:2   | Gained mutation: Armour fits poorly on your strangely shaped body. [potion of mutation]
 10188 | Lair:2   | Gained mutation: You are partially covered in slimy green scales. (AC +2) [potion of mutation]
 10189 | Lair:2   | Lost mutation: Your mind is acute. (Int +2) [potion of cure mutation]
 10189 | Lair:2   | Lost mutation: You regenerate slowly when monsters are visible. [potion of cure mutation]
 10189 | Lair:2   | Lost mutation: You tend to lose your temper in combat. [potion of cure mutation]
 10189 | Lair:2   | Lost mutation: Armour fits poorly on your strangely shaped body. [potion of cure mutation]
 10191 | Lair:2   | Gained mutation: You are partially covered in large bone plates. (AC +2, SH +2) [potion of beneficial mutation]
 10192 | Lair:2   | Gained mutation: You are mostly covered in slimy green scales. (AC +3) [potion of beneficial mutation]
 10308 | Lair:2   | Noticed an eight-headed hydra
 10315 | Lair:2   | Killed an eight-headed hydra
 10315 | Lair:2   | Reached XP level 11. HP: 77/104 MP: 10/10
 11110 | Lair:3   | Reached **** piety under Trog
 11155 | Lair:3   | Found a dark tunnel.
 11162 | Volcano  | Entered a volcano
 11228 | Volcano  | Noticed a red ugly thing
 11238 | Volcano  | Killed a red ugly thing
 11758 | Lair:3   | Noticed a seven-headed hydra
 11765 | Lair:3   | Killed a seven-headed hydra
 12353 | Lair:3   | Found a staircase to the Shoals.
 12551 | Lair:4   | Noticed a griffon
 12562 | Lair:4   | Killed a griffon
 12968 | Lair:4   | Reached XP level 12. HP: 112/112 MP: 11/11
 13024 | Lair:4   | Received a gift from Trog
 13026 | Lair:4   | Noticed a seven-headed hydra
 13040 | Lair:4   | Killed a seven-headed hydra
 13270 | Lair:4   | Found a hole to the Spider Nest.
 13610 | Lair:4   | Noticed a six-headed hydra
 13687 | Lair:4   | Killed a six-headed hydra
 14242 | Lair:4   | Reached ***** piety under Trog
 14242 | Lair:4   | Received a gift from Trog
 14315 | Lair:5   | Noticed Rupert
 14364 | Lair:5   | Noticed Snorg
 14386 | Lair:5   | Killed Snorg
 14767 | Lair:5   | Noticed Josephine
 14779 | Lair:5   | Killed Josephine
 14779 | Lair:5   | Reached skill level 15 in Maces & Flails
 14779 | Lair:5   | Reached skill level 10 in Armour
 15253 | Lair:5   | Killed Rupert
 15420 | Lair:5   | Noticed a six-headed hydra
 15434 | Lair:5   | Killed a six-headed hydra
 15631 | Lair:5   | Received a gift from Trog
 15912 | D:8      | Bought a ring of the Octopus King {rC+ AC+1 EV+1 Str+1 Int+1 Dex+1} for 467 gold pieces
 16081 | Lair:6   | Reached XP level 13. HP: 122/122 MP: 12/12
 16593 | Lair:6   | Received a gift from Trog
 16699 | Lair:6   | Reached skill level 1 in Shields
 17652 | Lair:7   | Noticed Nessos
 17918 | Lair:7   | Reached skill level 5 in Shields
 17988 | Lair:7   | Reached skill level 15 in Fighting
 18011 | Lair:7   | Received a gift from Trog
 18538 | Lair:7   | Found a staircase to the Slime Pits.
 18538 | Lair:7   | Found a viscous altar of Jiyva.
 18818 | Lair:7   | Received a gift from Trog
 18842 | Lair:8   | Entered Level 8 of the Lair of Beasts
 19563 | Lair:8   | Reached XP level 14. HP: 128/135 MP: 13/13
 19679 | Lair:8   | Reached skill level 10 in Shields
 19833 | Lair:8   | Killed Nessos
 21126 | D:10     | Entered Level 10 of the Dungeon
 21319 | D:10     | Noticed Psyche
 21326 | D:10     | Killed Psyche
 21326 | D:10     | Received a gift from Trog
 21366 | D:10     | Found a flagged portal.
 21376 | Bailey   | Entered a bailey
 21681 | Bailey   | Reached ****** piety under Trog
 21687 | Bailey   | Received a gift from Trog
 22069 | D:10     | Noticed Gastronok
 22076 | D:10     | Killed Gastronok
 22636 | D:10     | Gained mutation: You are resistant to hostile enchantments. (MR+) [mutagenic meat]
 22637 | D:10     | Gained mutation: You are dopey. (Int -2) [mutagenic meat]
 23280 | D:11     | Found a staircase to the Orcish Mines.
 23486 | D:11     | Gained mutation: You passively map a small area around you. [potion of mutation]
 23486 | D:11     | Gained mutation: You are frail. (-10% HP) [potion of mutation]
 23486 | D:11     | Gained mutation: You tend to lose your temper in combat. [potion of mutation]
 24252 | Orc:1    | Entered Level 1 of the Orcish Mines
 24252 | Orc:1    | Found a roughly hewn altar of Beogh.
 24397 | Orc:1    | Received a gift from Trog
 24397 | Orc:1    | Reached skill level 15 in Shields
 24799 | Orc:2    | Entered Level 2 of the Orcish Mines
 24994 | Orc:2    | Received a gift from Trog
 25008 | Orc:2    | Reached XP level 15. HP: 131/131 MP: 14/14
 25154 | Orc:2    | Found a frozen archway.
 25207 | IceCv    | Entered an ice cave
 25223 | IceCv    | Received a gift from Trog
 25383 | IceCv    | Lost mutation: You are frail. (-10% HP) [mutagenic meat]
 25384 | IceCv    | Lost mutation: You are dopey. (Int -2) [mutagenic meat]
 25385 | IceCv    | Gained mutation: You are agile. (Dex +2) [mutagenic meat]
 25386 | IceCv    | Gained mutation: You have a pair of large horns on your head. [mutagenic meat]
 25559 | Orc:2    | Found Retijycs's Weapon Emporium.
 25559 | Orc:2    | Found Fuowumuv's Distillery.
 25563 | Orc:2    | Found Sukuh's Distillery.
 25563 | Orc:2    | Found Ceiparuf's General Store.
 25574 | Orc:2    | Bought a potion of heal wounds for 90 gold pieces
 25574 | Orc:2    | Bought 2 potions of curing for 108 gold pieces
 25574 | Orc:2    | Bought a potion of haste for 180 gold pieces
 25574 | Orc:2    | Bought a potion of curing for 54 gold pieces
 25574 | Orc:2    | Bought a potion of might for 72 gold pieces
 25575 | Orc:2    | Bought a potion of might for 56 gold pieces
 25575 | Orc:2    | Bought a potion of mutation for 35 gold pieces
 25575 | Orc:2    | Bought a potion of curing for 42 gold pieces
 25695 | Orc:2    | Noticed an orc warlord
 25736 | Orc:2    | Killed an orc warlord
 25736 | Orc:2    | Received a gift from Trog
 25838 | Orc:2    | Received a gift from Trog
 26037 | Orc:2    | Received a gift from Trog
 26565 | Orc:2    | Found a roughly hewn altar of Beogh.
 26632 | Orc:2    | Found a staircase to the Elven Halls.
 27122 | Spider:1 | Entered Level 1 of the Spider Nest
 27804 | Spider:1 | Received a gift from Trog
 27998 | Spider:1 | Noticed Donald
 28009 | Spider:1 | Killed Donald
 28009 | Spider:1 | Reached skill level 15 in Armour
 29615 | Spider:2 | Reached XP level 16. HP: 157/157 MP: 15/15
 29657 | Spider:2 | Received a gift from Trog
 30474 | Spider:3 | Gained mutation: Your spells are a little harder to cast, but a little more powerful. [mutagenic meat]
 30475 | Spider:3 | Gained mutation: Your mind is acute. (Int +2) [mutagenic meat]
 30654 | Spider:3 | Noticed Arachne
 30684 | Spider:3 | Killed Arachne
 31021 | Spider:3 | Noticed Roxanne
 31048 | Spider:3 | Killed Roxanne
 31078 | Spider:3 | Noticed tstbtto's ghost (adept DDGl)
 31095 | Spider:3 | Killed tstbtto's ghost
 31979 | Spider:4 | Entered Level 4 of the Spider Nest
 31992 | Spider:4 | Received a gift from Trog
 31995 | Spider:4 | Noticed Wiglaf
 32006 | Spider:4 | Noticed Louise
 32007 | Spider:4 | Killed Wiglaf
 32035 | Spider:4 | Killed Louise
 32108 | Spider:4 | Noticed tstbtto's ghost (adept DDGl)
 32442 | Spider:4 | Noticed Norris
 32453 | Spider:3 | Reached skill level 15 in Crossbows
 32995 | Spider:3 | Killed Norris
 33624 | Spider:4 | Killed tstbtto's ghost
 34261 | Spider:4 | Reached XP level 17. HP: 162/168 MP: 0/16
 34265 | Spider:4 | Lost mutation: You have sharp toenails. [mutagenic meat]
 34266 | Spider:4 | Gained mutation: Your flesh is heat resistant. (rF+) [mutagenic meat]
 34412 | Spider:4 | Received a gift from Trog
 34984 | Spider:4 | Gained mutation: Your flesh is very heat resistant. (rF++) [mutagenic meat]
 35138 | Spider:4 | Got a gossamer rune of Zot
 35236 | Spider:4 | Gained mutation: [You occasionally shout uncontrollably at your foes.] [mutagenic meat]
 35589 | Shoals:1 | Entered Level 1 of the Shoals
 35595 | Lair:3   | Upgraded the game from 0.19-a0-465-g1d1674b to 0.19-a0-475-gfca3800
 36580 | Shoals:2 | Noticed a kraken
 36593 | Shoals:2 | Killed a kraken
 36593 | Shoals:2 | Received a gift from Trog
 38380 | Shoals:3 | Noticed a kraken
 38406 | Shoals:3 | Killed a kraken
 38846 | Shoals:4 | Entered Level 4 of the Shoals
 38863 | Shoals:4 | Received a gift from Trog
 39140 | Shoals:4 | Received a gift from Trog
 39140 | Shoals:4 | Reached XP level 18. HP: 182/182 MP: 17/17
 39330 | Shoals:4 | Got a barnacled rune of Zot
 39437 | Shoals:4 | Received a gift from Trog
 39803 | Shoals:4 | Received a gift from Trog
 40186 | Shoals:4 | Noticed Ilsuiw
 40819 | Shoals:4 | Killed Ilsuiw
 42109 | D:12     | Noticed Fannar
 42139 | D:12     | Killed Fannar
 42179 | D:12     | Noticed Sonja
 42180 | D:12     | Killed Sonja
 42180 | D:12     | Received a gift from Trog
 42456 | D:12     | Received a gift from Trog
 42467 | D:12     | Got an iridescent mace {god gift}
 42468 | D:12     | Identified the +4 mace of Icom {crush, +Rage +Fly rPois Stlth-} (Trog gifted it to you on level 12 of the Dungeon)
 42821 | D:13     | Found Sumn's Demolitions Depot.
 42984 | D:13     | Gained mutation: You are covered in fur. (AC +1) [potion of mutation]
 43077 | D:13     | Lost mutation: Your spells are a little harder to cast, but a little more powerful. [mutagenic meat]
 43078 | D:13     | Lost mutation: You passively map a small area around you. [mutagenic meat]
 43872 | D:14     | Gained mutation: You often lose your temper in combat. [mutagenic meat]
 43873 | D:14     | Lost mutation: [You occasionally shout uncontrollably at your foes.] [mutagenic meat]
 43874 | D:14     | Lost mutation: You are agile. (Dex +2) [mutagenic meat]
 43976 | D:14     | Received a gift from Trog
 44285 | D:14     | Found a gate to the Vaults.
 44407 | D:14     | Found Ogameog's General Store.
 44411 | D:14     | Bought a potion of curing for 36 gold pieces
 44411 | D:14     | Bought a potion of resistance for 120 gold pieces
 44442 | D:15     | Entered Level 15 of the Dungeon
 44475 | D:15     | Lost mutation: You have a pair of large horns on your head. [mutagenic meat]
 44477 | D:15     | Gained mutation: You are frail. (-10% HP) [mutagenic meat]
 44687 | D:15     | Lost mutation: You are resistant to hostile enchantments. (MR+) [mutagenic meat]
 44759 | D:15     | Gained mutation: You have very sharp teeth. [mutagenic meat]
 44773 | D:15     | Lost mutation: Your mind is acute. (Int +2) [mutagenic meat]
 44921 | D:15     | Reached XP level 19. HP: 173/173 MP: 18/18
 45509 | D:15     | Found a staircase to the Depths.
 45654 | D:15     | Found a glowing golden altar of the Shining One.
 45801 | Vaults:1 | Entered Level 1 of the Vaults
 46208 | Vaults:1 | Gained mutation: Your muscles are strong. (Str +2) [mutagenic meat]
 46210 | Vaults:1 | Lost mutation: Your muscles are strong. (Str +2) [mutagenic meat]
 46212 | Vaults:1 | Gained mutation: You are very frail. (-20% HP) [mutagenic meat]
 46250 | Vaults:1 | Received a gift from Trog
 46649 | Vaults:1 | Received a gift from Trog
 47432 | Vaults:2 | Received a gift from Trog
 47956 | Vaults:2 | Found a staircase to the Crypt.
 47956 | Vaults:2 | Found an ancient bone altar of Kikubaaqudgha.
 47956 | Vaults:2 | Found a basalt altar of Yredelemnul.
 48306 | Vaults:2 | Received a gift from Trog
 48520 | Vaults:2 | Received a gift from Trog
 48749 | Vaults:2 | Noticed Frederick
 48774 | Vaults:2 | Killed Frederick
 48775 | Vaults:2 | Received a gift from Trog
 49112 | Vaults:2 | Reached XP level 20. HP: 165/165 MP: 19/19
 49317 | Vaults:2 | Received a gift from Trog
 49516 | Vaults:3 | Gained mutation: Your flesh is cold resistant. (rC+) [mutagenic meat]
 49523 | Vaults:3 | Lost mutation: You often lose your temper in combat. [mutagenic meat]
 49624 | Vaults:2 | Received a gift from Trog
 49801 | Vaults:3 | Noticed Xtahua
 49812 | Vaults:3 | Killed Xtahua
 50122 | Vaults:3 | Lost mutation: You are very frail. (-20% HP) [mutagenic meat]
 50282 | Vaults:3 | Gained mutation: Scrolls take you a little longer to read. [mutagenic meat]
 50286 | Vaults:3 | Gained mutation: Your muscles are strong. (Str +2) [mutagenic meat]
 50329 | Vaults:3 | Received a gift from Trog
 50344 | Vaults:3 | Lost mutation: You are frail. (-10% HP) [mutagenic meat]
 50345 | Vaults:3 | Lost mutation: You tend to lose your temper in combat. [mutagenic meat]
 50836 | Vaults:3 | Lost mutation: You are mostly covered in slimy green scales. (AC +3) [mutagenic meat]
 50838 | Vaults:3 | Lost mutation: You have very sharp teeth. [mutagenic meat]
 50839 | Vaults:3 | Gained mutation: You are resistant to electric shocks. (rElec) [mutagenic meat]
 51070 | Vaults:3 | Gained mutation: You expend magic power (3 MP) to strengthen your wands. [mutagenic meat]
 51071 | Vaults:3 | Gained mutation: You are partially covered in rough black scales. (AC +4, Dex -1) [mutagenic meat]
 51072 | Vaults:3 | Gained mutation: Armour fits poorly on your strangely shaped body. [mutagenic meat]
 51077 | Vaults:3 | Gained mutation: You have a pair of large horns on your head. [mutagenic meat]
 51170 | Vaults:3 | Paralysed by a great orb of eyes for 7 turns
 51210 | Vaults:3 | Lost mutation: You expend magic power (3 MP) to strengthen your wands. [mutagenic meat]
 51748 | Vaults:4 | Received a gift from Trog
 52252 | Vaults:4 | Lost mutation: You have a pair of large horns on your head. [mutagenic meat]
 52253 | Vaults:4 | Lost mutation: You are covered in fur. (AC +1) [mutagenic meat]
 52950 | Vaults:4 | Found Waurph's Weapon Shop.
 53016 | Vaults:4 | Reached XP level 21. HP: 201/221 MP: 20/20
 53473 | Vaults:2 | Received a gift from Trog
 53630 | Depths:1 | Entered Level 1 of the Depths
 53851 | Depths:1 | Gained mutation: Your magical capacity is low. (-10% MP) [mutagenic meat]
 53852 | Depths:1 | Lost mutation: Your magical capacity is low. (-10% MP) [mutagenic meat]
 53922 | Depths:1 | You fall through a shaft!
 53960 | Depths:2 | Noticed shklvsk's ghost (veteran VSAs)
 53975 | Depths:2 | Killed shklvsk's ghost
 53992 | Depths:2 | Found a gateway to Hell.
 54005 | Depths:2 | Noticed Jorgrun
 54021 | Depths:2 | Killed Jorgrun
 54216 | Depths:2 | Received a gift from Trog
 54466 | Depths:2 | Noticed Saint Roka
 54513 | Depths:2 | Killed Saint Roka
 54753 | Depths:2 | Lost mutation: Your muscles are strong. (Str +2) [potion of cure mutation]
 54753 | Depths:2 | Lost mutation: You are partially covered in large bone plates. (AC +2, SH +2) [potion of cure mutation]
 54753 | Depths:2 | Lost mutation: You are partially covered in rough black scales. (AC +4, Dex -1) [potion of cure mutation]
 54753 | Depths:2 | Lost mutation: Your flesh is very heat resistant. (rF++) [potion of cure mutation]
 54784 | Depths:2 | Found a one-way gate leading to the halls of Pandemonium.
 54853 | Depths:2 | Reached skill level 27 in Fighting
 54886 | Depths:2 | Reached skill level 10 in Dodging
 55198 | Depths:2 | Found a shimmering altar of Xom.
 55208 | Depths:2 | Found a one-way gate to the infinite horrors of the Abyss.
 55241 | Depths:2 | Found a gateway to a ziggurat.
 55252 | Depths:2 | Received a gift from Trog
 55269 | Depths:2 | Gained mutation: You have large cloven feet. [mutagenic meat]
 55274 | Depths:2 | Gained mutation: Your spells are a little harder to cast, but a little more powerful. [mutagenic meat]
 55277 | Depths:2 | Gained mutation: You are robust. (+10% HP) [mutagenic meat]
 55278 | Depths:2 | Lost mutation: Your flesh is heat resistant. (rF+) [mutagenic meat]
 56024 | Depths:3 | Noticed Margery
 56099 | Depths:3 | Noticed Boris
 56118 | Depths:3 | Killed Boris
 56191 | Depths:3 | Cast into level 4 of the Abyss (a lich)
 56506 | Abyss:4  | Received a gift from Trog
 56632 | Abyss:4  | Received a gift from Trog
 56656 | Abyss:4  | Paralysed by accursed screaming for 1 turns
 56688 | Abyss:4  | Reached XP level 22. HP: 48/256 MP: 21/21
 57219 | Abyss:4  | Received a gift from Trog
 57712 | Abyss:4  | Paralysed by accursed screaming for 1 turns
 57716 | Abyss:4  | Paralysed by accursed screaming for 1 turns
 57724 | Abyss:4  | Paralysed by accursed screaming for 1 turns
 57727 | Abyss:4  | Found a corrupted altar of Lugonu.
 57751 | Depths:3 | Escaped the Abyss
 57961 | Depths:3 | Killed Margery
 58125 | Depths:3 | Noticed Jory
 58156 | Depths:3 | Killed Jory
 58894 | Depths:3 | Noticed Aizul
 58913 | Depths:3 | Killed Aizul
 58925 | Depths:3 | Gained mutation: You are agile. (Dex +2) [mutagenic meat]
 58926 | Depths:3 | Lost mutation: You are agile. (Dex +2) [mutagenic meat]
 59037 | Depths:3 | Gained mutation: You are somewhat resistant to further mutation. [mutagenic meat]
 59842 | Depths:4 | Received a gift from Trog
 60309 | Depths:4 | Reached XP level 23. HP: 220/264 MP: 22/22
 60780 | Depths:4 | Noticed Mennas
 60819 | Depths:4 | Killed Mennas
 60819 | Depths:4 | Received a gift from Trog
 61152 | Depths:5 | Entered Level 5 of the Depths
 61447 | Depths:5 | Lost mutation: You are somewhat resistant to further mutation. [mutagenic meat]
 61449 | Depths:5 | Gained mutation: Your movements are slightly less encumbered by armour. (ER -2) [mutagenic meat]
 61613 | Depths:5 | Lost mutation: Your spells are a little harder to cast, but a little more powerful. [potion of cure mutation]
 61613 | Depths:5 | Lost mutation: Armour fits poorly on your strangely shaped body. [potion of cure mutation]
 61613 | Depths:5 | Lost mutation: Your flesh is cold resistant. (rC+) [potion of cure mutation]
 61613 | Depths:5 | Lost mutation: You are robust. (+10% HP) [potion of cure mutation]
 61613 | Depths:5 | Lost mutation: You have large cloven feet. [potion of cure mutation]
 61712 | Depths:5 | Reached skill level 15 in Dodging
 61808 | Depths:5 | Gained mutation: You are clumsy. (Dex -2) [mutagenic meat]
 61809 | Depths:5 | Gained mutation: Your muscles are strong. (Str +2) [mutagenic meat]
 62107 | Depths:5 | Found a shattered altar of Ashenzari.
 62717 | Depths:5 | Received a gift from Trog
 62774 | Depths:5 | Found a gate to the Realm of Zot.
 62920 | Depths:1 | Paralysed by a great orb of eyes for 6 turns
 63523 | Depths:1 | Gained mutation: Scrolls take you longer to read. [mutagenic meat]
 63524 | Depths:1 | Gained mutation: Your flesh is heat resistant. (rF+) [mutagenic meat]
 63525 | Depths:1 | Gained mutation: You are covered in fur. (AC +1) [mutagenic meat]
 64161 | Vaults:4 | Upgraded the game from 0.19-a0-475-gfca3800 to 0.19-a0-503-g45a6586
 64164 | Vaults:5 | Entered Level 5 of the Vaults
 64359 | Vaults:5 | Received a gift from Trog
 64376 | Vaults:5 | Reached XP level 24. HP: 249/249 MP: 22/22
 64484 | Vaults:5 | Noticed an ancient lich
 64499 | Vaults:5 | Noticed an ancient lich
 64587 | Vaults:5 | Killed an ancient lich
 64754 | Vaults:5 | Killed an ancient lich
 64799 | Vaults:5 | Received a gift from Trog
 65219 | Vaults:5 | Got a smoking mace {god gift}
 65220 | Vaults:5 | Identified the +7 mace of Crusades {crush, rC+ MR+ Int+5} (Trog gifted it to you on level 5 of the Vaults)
 65546 | Vaults:5 | Received a gift from Trog
 66102 | Vaults:5 | Gained mutation: You have sharp fingernails. [mutagenic meat]
 66104 | Vaults:5 | Lost mutation: Your muscles are strong. (Str +2) [mutagenic meat]
 66513 | Vaults:5 | Got a silver rune of Zot
 66966 | D:15     | Fell from the grace of Trog
 66966 | D:15     | Became a worshipper of the Shining One
 67150 | Crypt:1  | Entered Level 1 of the Crypt
 67238 | Crypt:1  | Reached * piety under the Shining One
 67552 | Crypt:1  | Reached ** piety under the Shining One
 67670 | Crypt:1  | Reached XP level 25. HP: 256/256 MP: 22/22
 67774 | Crypt:1  | Reached skill level 27 in Armour
 67891 | Crypt:1  | Paralysed by a vampire knight for 7 turns
 68064 | Crypt:2  | Reached *** piety under the Shining One
 68313 | Crypt:2  | Reached **** piety under the Shining One
 68891 | Crypt:2  | Reached skill level 1 in Invocations
 69012 | Crypt:2  | Reached ***** piety under the Shining One
 69530 | Crypt:2  | Reached skill level 5 in Invocations
 69683 | Crypt:3  | Entered Level 3 of the Crypt
 69880 | Crypt:3  | Reached ****** piety under the Shining One
 70354 | Crypt:3  | Noticed Sojobo
 70381 | Crypt:3  | Killed Sojobo
 70445 | Crypt:3  | Identified a +9 eveningstar of holy wrath (a +9 eveningstar of crushing blessed by the Shining One)
 70445 | Crypt:3  | Received a gift from the Shining One
 70769 | Crypt:3  | Cast into level 2 of the Abyss (skeletal warrior)
 71196 | Abyss:3  | Reached skill level 10 in Invocations
 71573 | Abyss:3  | Gained mutation: Scrolls take you much longer to read. [a neqoxec]
 71717 | Abyss:3  | Found a corrupted altar of Lugonu.
 71947 | Abyss:4  | Gained mutation: You are frail. (-10% HP) [a neqoxec]
 72662 | Abyss:4  | Reached XP level 26. HP: 158/239 MP: 32/32
 72711 | Abyss:4  | HP: 7/239 [daeva/divine providence (14)]
 72712 | Abyss:4  | Mangled by a daeva

Vault maps used:
D:1:      minmay_arrival_four_houses
D:2:      minmay_kobold_bridge, uniq_terence, uniq_jessica
D:4:      uniq_blork_the_orc
D:5:      old_forge, lemuel_doored_altar, minmay_temple_entry_glass,
          gup_sewer_entry_spiral, first_bread
D:7:      minitemple, basic_altar
D:8:      serial_shops, shop
D:9:      lair_0_dummy
D:10:     enter_bailey_3, uniq_gastronok, uniq_psyche
D:11:     kennysheep_orc_monster_closet_entryway
D:12:     serial_ice, serial_ice_k, serial_ice_o, serial_ice_g, serial_ice_f,
          serial_ice_a, serial_ice_e, the_bakery, uniq_sonja, uniq_fannar
D:13:     nicolae_blasting_shop
D:14:     hangedman_vaults_entry_quadrant_bands, serial_shops, shop,
          minivault_24, minivault_25_ag
D:15:     grunt_enter_depths_magical_seal, roderic_lattice_octagonal_star,
          basic_altar
Temple:   roderic_octagonal_lattice_temple
Lair:2:   serial_bayou_pond_e, st_stairs_6
Lair:3:   minmay_shoals_entry_lonely_mermaid, enter_volcano_2
Lair:4:   spider_nest_entry_webs, grunt_megastairs_2
Lair:5:   st_stairs_4, uniq_rupert, uniq_snorg, uniq_josephine
Lair:6:   grunt_megastairs_4
Lair:7:   slime_altar_1, st_stairs_3, serial_bayou_shore_b, lemuel_fruit_tree,
          uniq_nessos
Lair:8:   evilmike_catoblepas_cave, nicolae_quartered_pool_medium
Shoals:1: nicolae_shoals_siren_and_animal_friends
Shoals:2: nicolae_shoals_kraken_intersection
Shoals:3: ldierk_geyser
Shoals:4: shoals_end_hangedman, shoals_ilsuiw_alternative, abandoned_shop
Spider:1: uniq_donald
Spider:2: spider_trap
Spider:3: uniq_roxanne, uniq_arachne
Spider:4: guppyfry_spider_rune, spider_trap, uniq_norris, uniq_louise,
          uniq_wiglaf
Orc:1:    nicolae_orc_lost_temple
Orc:2:    st_orc_ogre_mass, portal_ice_cave_entry_imps, minmay_orc_temple_c
Vaults:1: hangedman_vaults_hat, ontoclasm_vaults_twist, grunt_vaults_diagonal,
          ontoclasm_vaults_pinch, vaults_standard_mumra_x, vaults_dpeg_hooks,
          grunt_vaults_twisty, ontoclasm_vaults_chip
Vaults:2: v_misc_23, minmay_crypt_entry_necro_gods,
          nicolae_vaults_disjoint_gnomons, nicolae_vaults_little_squares_5,
          nicolae_vaults_little_ls, vaults_room_octagon,
          hangedman_vaults_capsules, hangedman_vaults_unwind,
          vaults_standard_mumra_lines, nicolae_vaults_circle_grid_b, v_rooms_5,
          vaults_room_glass_cross, ontoclasm_vaults_tryst,
          hangedman_vaults_nails, uniq_frederick
Vaults:3: v_alt_pattern_5, hangedman_vaults_cutoff, v_pattern_3,
          vaults_room_semicircle, nicolae_vaults_theta,
          ontoclasm_vaults_loading_screen, v_rooms_3, nicolae_vaults_alarming,
          serial_ice_b, vaults_mumra_hex, uniq_xtahua
Vaults:4: v_misc_29, v_misc_14, nicolae_vaults_three_branches,
          nicolae_vaults_network_s, nicolae_vaults_border_crossing,
          vaults_room_grunt_arrival_ludios, hangedman_vaults_maws,
          ontoclasm_vaults_ring_square, nicolae_vaults_circle_grid_a,
          vaults_dpeg_doors, nicolae_vaults_shelves_hall,
          nicolae_vaults_ring_of_whatevers, serial_shops, shop
Crypt:1:  wad_floor_pattern_2
Crypt:2:  nicolae_crypt_stairs_room, grunt_ministairs_15
Crypt:3:  evilmike_haunted_forest, uniq_sojobo
Depths:1: minmay_misc_feat_x, grunt_hell_entry_dis_mu, nrook_pool_corridor,
          serial_bayou_crossing
Depths:2: due_chaos_kobolds, enter_ziggurat_b, hell_entry,
          hangedman_abyss_or_decor_stabs, pan_entry, roderic_three_in_a_row,
          uniq_jorgrun, uniq_saint_roka
Depths:3: minmay_tri_stars, columned_hall_lemuel, pan_entry, grunt_metal_band,
          lightli_corner_chamber, uniq_jory, uniq_boris, uniq_aizul
Depths:4: forest_paths, pf_coc_iceberg, serial_bayou, serial_bayou_ford_a,
          serial_bayou_pond_b, serial_bayou_pond_a, serial_bayou_pond_a,
          abyss_entry, minmay_misc_feat_pillars, uniq_mennas
Depths:5: grunt_zot_entry_hairpin, evilmike_ruin_ashenzari,
          pf_hell_entry_tar_spiral, kilobyte_mutagenic_chamber
Abyss:3:  minivault_1
Abyss:4:  guppyfry_abyss_exit_imp_island, bh_abyss_negative,
          evilmike_abyss_exit_2, evilmike_abyss_exit_glass,
          nicolae_abyss_rune_star_stuff
Sewer:    kennysheep_door_sewer
Bailey:   bailey_polearm_flooded_kennysheep, bailey
IceCv:    ice_cave_statue_garden_teleport
Volcano:  volcano_pools

Skill      XL: |  1  2  3  4  5  6  7  8  9 10 11 12 13 14 15 16 17 18 19 20 21 22 23 24 25 |
---------------+----------------------------------------------------------------------------+-----
Fighting       | 3 4 6 8 11 13 15 16 17 19 21 22 24 26 27 | 27.0
Crossbows      | 5 6 9 10 13 16 18 | 18.2
Maces & Flails | 2 4 6 8 10 13 15 16 | 16.0
Armour         | 2 3 5 8 10 11 15 17 18 19 22 24 26 27 | 27.0
Dodging        | 5 7 8 12 14 16 17 | 17.9
Shields        | 9 15 16 18 19 | 19.6
Invocations    | 13 | 13.4
Stealth        | |  0.7

Action                   |  1- 3 |  4- 6 |  7- 9 | 10-12 | 13-15 | 16-18 | 19-21 | 22-24 | 25-27 || total
-------------------------+-------+-------+-------+-------+-------+-------+-------+-------+-------++-------
Melee: Short sword       |    55 |       |       |       |       |       |       |       |       ||    55
       Headbutt          |     7 |     8 |    44 |   112 |   277 |   366 |   342 |   486 |   240 ||  1882
       Flail             |     4 |    73 |   104 |       |       |       |       |       |       ||   181
       Eveningstar       |       |       |   216 |   506 |  1112 |  1299 |  1140 |  1561 |   863 ||  6697
       Kick              |       |       |       |   123 |   186 |       |       |       |       ||   309
       Bite              |       |       |       |       |       |       |    72 |       |       ||    72
 Fire: Hand crossbow     |    17 |    50 |   218 |   357 |   653 |   924 |   781 |   605 |   473 ||  4078
       Arbalest          |       |       |       |       |    54 |       |       |       |       ||    54
       Triple crossbow   |       |       |       |       |       |    19 |       |       |       ||    19
Invok: Berserk           |       |       |     1 |     3 |     1 |       |     3 |       |       ||     8
       Burn Spellbooks   |       |       |       |     2 |     1 |     2 |     5 |     6 |       ||    16
       Trog's Hand       |       |       |       |     3 |     1 |     1 |     6 |    28 |       ||    39
       Brothers in Arms  |       |       |       |       |       |       |     5 |     3 |       ||     8
       Divine Shield     |       |       |       |       |       |       |       |       |     8 ||     8
       Cleansing Flame   |       |       |       |       |       |       |       |       |     4 ||     4
       Brand Weapon With |       |       |       |       |       |       |       |       |     1 ||     1
       Summon Divine War |       |       |       |       |       |       |       |       |     1 ||     1
Evoke: Sack of spiders   |       |       |       |     1 |       |       |       |       |       ||     1
       Wand              |       |       |       |       |       |       |       |     5 |     3 ||     8
  Use: Scroll            |     4 |     8 |     7 |    12 |    12 |    14 |     3 |    15 |       ||    75
       Potion            |       |       |     1 |     6 |     4 |     6 |     7 |    21 |     5 ||    50
 Stab: Petrified         |       |       |       |       |     1 |       |       |       |       ||     1
  Eat: Chunk             |       |     7 |    17 |    17 |    41 |    81 |    96 |    46 |     6 ||   311
       Beef jerky        |       |       |     1 |       |       |       |       |       |     1 ||     2
       Pizza             |       |       |       |     3 |       |       |       |       |       ||     3
       Fruit             |       |       |       |     2 |     2 |     4 |       |     2 |     7 ||    17
       Bread ration      |       |       |       |     1 |     3 |     4 |     2 |     6 |       ||    16
       Royal jelly       |       |       |       |       |       |       |       |     1 |     2 ||     3
Armor: Leather armour    |    14 |     5 |       |       |       |       |       |       |       ||    19
       Chain mail        |       |    49 |   228 |   117 |    30 |       |       |       |       ||   424
       Plate armour      |       |     3 |       |   206 |   335 |   635 |   284 |   226 |       ||  1689
       Gold dragon armou |       |       |       |       |       |       |       |   270 |   264 ||   534
Dodge: Dodged            |    49 |    42 |   164 |   217 |   340 |   453 |   256 |   549 |   365 ||  2435
Block: Other             |       |       |       |    81 |    17 |     3 |       |       |       ||   101
       Shield            |       |       |       |       |   866 |  1351 |   988 |  1300 |   842 ||  5347
       Reflection        |       |       |       |       |    49 |    86 |   126 |    82 |    14 ||   357
